NEW YORK I vs CALGARY

Created - Saturday, January 20, 2018 at 08:44

Goals
1 2 3 OT1 SO T
NEW YORK I 0 1 2 0 0 3
CALGARY 1 2 0 0 1 4
Shots
1 2 3 OT1 SO T
NEW YORK I 13 5 14 4 4 36
CALGARY 7 16 3 0 4 26

1st period

1. CALGARY , Luca Sbisa 3 (Bobby Ryan 16, Jaccob Slavin 27) at 12:52 (PP)

Penalties :
Mitchell Marner (CGY) for Hooking (Minor) at 8:24, Patrick Maroon (NYI) for Slashing (Double Minor) at 11:22, Matt Beleskey (CGY) for Roughing (Minor) at 17:22

2nd period

2. CALGARY , Ryan Spooner 11 (Jaccob Slavin 28, Mitchell Marner 15) at 4:38 (PP)
3. NEW YORK I , Sean Monahan 16 (Esa Lindell 11) at 6:56
4. CALGARY , Jakub Vrana 2 (Tobias Rieder 9, Marko Dano 4) at 19:42

Penalties :
Patrick Maroon (NYI) for Hooking (Minor) at 2:56, Logan Couture (NYI) for High sticking (Minor) at 11:42, Radko Gudas (NYI) for Hooking (Minor) at 17:21

3rd period

5. NEW YORK I , Dan Hamhuis 5 (Radko Gudas 22, Patrick Eaves 20) at 15:33 (PP)
6. NEW YORK I , Jake McCabe 3 (Sam Bennett 4, Ryan Callahan 2) at 18:58

Penalties :
Tyler Wotherspoon (CGY) for High sticking (Minor) at 1:41, Slater Koekkoek (CGY) for Cross-checking (Minor) at 4:22, Marko Dano (CGY) for Goalie Interference (Minor) at 8:10, Ryan Spooner (CGY) for Tripping (Minor) at 10:55, Jaccob Slavin (CGY) for Interference (Minor) at 15:08, Tyler Wotherspoon (CGY) for Hooking (Minor) at 15:56

Overtime #1

No Goal

Penalties :
No Penalty

Shootout

Penalty Shot by Sean Monahan for NEW YORK I - Stopped by Anders Nilsson
Penalty Shot by Mitchell Marner for CALGARY - Stopped by Jacob Markstrom
Penalty Shot by Logan Couture for NEW YORK I - Stopped by Anders Nilsson
Penalty Shot by Bobby Ryan for CALGARY - Stopped by Jacob Markstrom
Penalty Shot by Patrick Eaves for NEW YORK I - Stopped by Anders Nilsson
Penalty Shot by Tobias Rieder for CALGARY - Stopped by Jacob Markstrom
Penalty Shot by Brandon Saad for NEW YORK I - Stopped by Anders Nilsson
Penalty Shot by Ryan Spooner for CALGARY - Goal!

Penalties :
No Penalty

Goalie Stats

Jacob Markstrom (NYI), 23 saves from 26 shots - (0.885), OTL, 18-9-4, 65:00 minutes
Anders Nilsson (CGY), 33 saves from 36 shots - (0.917), W, 4-5-2, 65:00 minutes

Players Stats for NEW YORK I

Player Name              G  A  P  +/- PIM S  H  SB GA TA FO     MP     PP MP  PK MP  
------------------------------------------------------------------------------------
Andreas Athanasiou       0  0  0   1  0   4  2  0  0  0  1/2    18:01   6:58   0:00 
Austin Watson            0  0  0   0  0   0  2  0  0  0  0/1    10:57   0:00   0:00 
Brandon Saad             0  0  0   0  0   4  0  0  0  0  0/3    24:28   6:58   0:00 
Chris VandeVelde         0  0  0   0  0   0  0  0  0  0  0/0     0:00   0:00   0:00 
Dan Hamhuis              1  0  1  -1  0   3  1  3  0  0  0/0    23:55   7:27   3:14 
Esa Lindell              0  1  1   1  0   2  2  0  0  0  0/0    23:45   6:51   1:55 
Jake McCabe              1  0  1   1  0   1  0  1  0  0  0/0    16:34   0:00   3:14 
Jason Garrison           0  0  0   1  0   0  0  0  0  0  0/0    13:24   0:00   0:04 
Johnny Boychuk           0  0  0   1  0   0  3  3  0  0  0/0    27:45   6:51   5:55 
Kyle Clifford            0  0  0   0  0   0  0  0  0  0  0/0     0:37   0:00   0:37 
Logan Couture            0  0  0  -1  2   5  1  0  0  0  16/29  21:41   7:20   0:05 
Marcus Foligno           0  0  0   0  0   2  2  0  0  0  0/0    13:47   0:29   2:21 
Mark Letestu             0  0  0   0  0   0  0  0  0  0  9/14   17:22   0:00   6:25 
Patrick Eaves            0  1  1  -1  0   4  1  0  0  0  4/6    20:43   7:20   0:00 
Patrick Maroon           0  0  0   1  6   2  5  0  0  0  1/2    17:52   6:51   0:00 
Radko Gudas              0  1  1  -1  2   3  2  0  0  0  0/0    24:36   7:27   3:56 
Ryan Callahan            0  1  1   1  0   1  0  0  0  0  2/2     9:42   0:00   6:29 
Sam Bennett              0  1  1   1  0   0  1  0  0  0  3/6     5:34   0:00   2:21 
Sean Monahan             1  0  1   1  0   5  0  0  0  0  17/34  20:04   6:58   0:00 

Players Stats for CALGARY

Player Name              G  A  P  +/- PIM S  H  SB GA TA FO     MP     PP MP  PK MP  
------------------------------------------------------------------------------------
Bobby Ryan               0  1  1  -1  0   6  4  1  0  0  1/3    25:09   4:09   8:41 
Chris Tierney            0  0  0  -1  0   1  0  0  0  0  10/17  14:29   4:09   0:00 
Derek Roy                0  0  0   0  0   0  0  0  0  0  0/0     2:07   0:09   0:56 
Ethan Werek              0  0  0   0  0   0  0  0  0  0  1/6     4:39   0:00   0:00 
Jaccob Slavin            0  2  2   0  2   3  0  3  0  0  0/0    29:15   5:28   7:38 
Jakub Vrana              1  0  1   1  0   2  1  0  0  0  2/7    13:51   0:00   2:49 
Joffrey Lupul            0  0  0   0  0   0  0  0  0  0  0/0     5:14   0:00   0:35 
Klas Dahlbeck            0  0  0  -1  0   1  0  1  0  0  0/0    22:17   3:41   6:40 
Luca Sbisa               1  0  1   0  0   2  3  1  0  0  0/0    29:02   5:14   7:38 
Marko Dano               0  1  1   1  2   0  2  0  0  0  6/10   11:10   0:09   0:00 
Matt Bartkowski          0  0  0  -1  0   0  0  1  0  0  0/0    22:17   3:41   6:40 
Matt Beleskey            0  0  0  -1  2   0  1  0  0  0  0/3    14:28   4:09   0:00 
Matt Read                0  0  0  -1  0   3  3  0  0  0  2/2    15:23   4:51   0:00 
Mitchell Marner          0  1  1  -1  2   2  0  0  0  0  10/20  30:11   5:00   7:00 
Ryan Spooner             1  0  1  -1  2   3  0  0  0  0  12/24  20:58   4:51   3:37 
Slater Koekkoek          0  0  0   0  2   0  2  0  0  0  0/0    13:40   0:14   0:00 
Tobias Rieder            0  1  1   1  0   3  0  0  0  0  2/7    17:59   0:00   4:58 
Tyler Wotherspoon        0  0  0   0  4   0  5  0  0  0  0/0    13:25   0:00   0:00 

3 Stars

1 - Luca Sbisa (CGY)
2 - Jakub Vrana (CGY)
3 - Jake McCabe (NYI)

Power Play

NEW YORK I - 1 on 8 Attempt(s) - 12.50%
CALGARY - 2 on 5 Attempt(s) - 40.00%

Penalty Kill

NEW YORK I - 3 on 5 Attempt(s) - 60.00% - Score 0 goal in Penalty Kill
CALGARY - 7 on 8 Attempt(s) - 87.50% - Score 0 goal in Penalty Kill

Team Stat

NEW YORK I - Hits : 22 - Faceoff Wins : 53 - Blocked Shots : 7 - Penalty Minutes : 10
CALGARY - Hits : 21 - Faceoff Wins : 46 - Blocked Shots : 7 - Penalty Minutes : 16

Official

Referees : Unknown
Linesman : Unknown

Game Notes

No Game Note

Finance

Level 1 -- Attendance: 5895 (98.25%) -- Ticket Income $471,600
Level 2 -- Attendance: 4597 (91.94%) -- Ticket Income $229,850
Level 3 -- Attendance: 2000 (100.00%) -- Ticket Income $60,000
Level 4 -- Attendance: 4000 (100.00%) -- Ticket Income $40,000
Luxury Box -- Attendance: 925 (92.50%) -- Ticket Income $161,875
Game was played at the Saddledome.
Total Attendance: 17417 (96.76%)
Total Ticket Income: $963,325
Total Income: $963,325

NEW YORK I

5 vs 5 Forward 
   Center                   Left Wing                Right Wing               Time % Phy DF OF 
 1 Logan Couture            Brandon Saad             Patrick Eaves            35     1   2  2  
 2 Sean Monahan             Patrick Maroon           Andreas Athanasiou       30     1   2  2  
 3 Mark Letestu             Marcus Foligno           Austin Watson            25     1   2  2  
 4 Sam Bennett              Brandon Saad             Ryan Callahan            10     1   2  2  

5 vs 5 Defense 
   Defense                  Defense                                           Time % Phy DF OF 
 1 Esa Lindell              Johnny Boychuk                                    30     1   2  2  
 2 Dan Hamhuis              Radko Gudas                                       30     1   2  2  
 3 Jake McCabe              Jason Garrison                                    30     1   2  2  
 4 Esa Lindell              Johnny Boychuk                                    10     1   2  2  

PowerPlay Forward 
   Center                   Left Wing                Right Wing               Time % Phy DF OF 
 1 Logan Couture            Patrick Maroon           Patrick Eaves            50     1   2  2  
 2 Sean Monahan             Brandon Saad             Andreas Athanasiou       50     1   2  2  

PowerPlay Defense
   Defense                  Defense                                           Time % Phy DF OF 
 1 Esa Lindell              Johnny Boychuk                                    50     1   2  2  
 2 Radko Gudas              Dan Hamhuis                                       50     1   2  2  

Penalty Kill 4 Players Forward 
   Center                   Wing                     Time % Phy DF OF 
 1 Mark Letestu             Ryan Callahan            60     1   2  2  
 2 Sam Bennett              Marcus Foligno           40     1   2  2  

Penalty Kill 4 Players Defense
   Defense                  Defense                  Time % Phy DF OF 
 1 Radko Gudas              Johnny Boychuk           60     1   2  2  
 2 Jake McCabe              Dan Hamhuis              40     1   2  2  

Penalty Kill - 3 Players Forward 
   Forward                                           Time % Phy DF OF 
 1 Mark Letestu                                      60     1   2  2  
 2 Chris VandeVelde                                  40     1   2  2  

Penalty Kill - 3 Players Defense
   Defense                  Defense                  Time % Phy DF OF 
 1 Radko Gudas              Johnny Boychuk           60     1   2  2  
 2 Jake McCabe              Dan Hamhuis              40     1   2  2  

4 vs 4 Forward 
   Center                   Wing                     Time % Phy DF OF 
 1 Logan Couture            Brandon Saad             60     1   2  2  
 2 Sean Monahan             Patrick Eaves            40     1   2  2  

4 vs 4 Defense
   Defense                  Defense                  Time % Phy DF OF 
 1 Johnny Boychuk           Esa Lindell              60     1   2  2  
 2 Radko Gudas              Dan Hamhuis              40     1   2  2  

Last Minutes Offensive
   Center                   Left Wing                Right Wing               Defense                  Defense                  
   Sean Monahan             Brandon Saad             Patrick Eaves            Esa Lindell              Johnny Boychuk           

Last Minutes Defensive
   Center                   Left Wing                Right Wing               Defense                  Defense                  
   Mark Letestu             Ryan Callahan            Austin Watson            Radko Gudas              Johnny Boychuk           

Goaltenders
Starting : Jacob Markstrom          
Backup : Scott Darling            

Extra Forwards
Normal : Marcus Foligno, Chris VandeVelde, Kyle Clifford - PP : Marcus Foligno, Chris VandeVelde - PK : Kyle Clifford
Extra Defensemen
Normal : Jake McCabe, Jason Garrison, Esa Lindell - PP : Jake McCabe - PK : Jason Garrison, Esa Lindell
Penalty Shots
Sean Monahan, Logan Couture, Patrick Eaves, Brandon Saad, Sam Bennett

Scratches
NYI CAP HIT (Suspend), Brad Hunt (Healthy), Adam Clendening (Healthy)

CALGARY

5 vs 5 Forward 
   Center                   Left Wing                Right Wing               Time % Phy DF OF 
 1 Ryan Spooner             Matt Read                Mitchell Marner          35     1   2  2  
 2 Chris Tierney            Matt Beleskey            Bobby Ryan               30     1   2  2  
 3 Marko Dano               Jakub Vrana              Tobias Rieder            25     1   2  2  
 4 Ethan Werek              Joffrey Lupul            Mitchell Marner          10     1   2  2  

5 vs 5 Defense 
   Defense                  Defense                                           Time % Phy DF OF 
 1 Jaccob Slavin            Luca Sbisa                                        35     1   2  2  
 2 Matt Bartkowski          Klas Dahlbeck                                     30     1   2  2  
 3 Slater Koekkoek          Tyler Wotherspoon                                 25     1   2  2  
 4 Jaccob Slavin            Luca Sbisa                                        10     1   2  2  

PowerPlay Forward 
   Center                   Left Wing                Right Wing               Time % Phy DF OF 
 1 Ryan Spooner             Matt Read                Mitchell Marner          60     1   2  2  
 2 Chris Tierney            Matt Beleskey            Bobby Ryan               40     1   2  2  

PowerPlay Defense
   Defense                  Defense                                           Time % Phy DF OF 
 1 Jaccob Slavin            Luca Sbisa                                        60     1   2  2  
 2 Matt Bartkowski          Klas Dahlbeck                                     40     1   2  2  

Penalty Kill 4 Players Forward 
   Center                   Wing                     Time % Phy DF OF 
 1 Mitchell Marner          Bobby Ryan               60     1   2  2  
 2 Tobias Rieder            Ryan Spooner             40     1   2  2  

Penalty Kill 4 Players Defense
   Defense                  Defense                  Time % Phy DF OF 
 1 Jaccob Slavin            Luca Sbisa               60     1   2  2  
 2 Matt Bartkowski          Klas Dahlbeck            40     1   2  2  

Penalty Kill - 3 Players Forward 
   Forward                                           Time % Phy DF OF 
 1 Mitchell Marner                                   60     1   2  2  
 2 Bobby Ryan                                        40     1   2  2  

Penalty Kill - 3 Players Defense
   Defense                  Defense                  Time % Phy DF OF 
 1 Jaccob Slavin            Luca Sbisa               60     1   2  2  
 2 Matt Bartkowski          Klas Dahlbeck            40     1   2  2  

4 vs 4 Forward 
   Center                   Wing                     Time % Phy DF OF 
 1 Mitchell Marner          Bobby Ryan               60     1   2  2  
 2 Tobias Rieder            Ryan Spooner             40     1   2  2  

4 vs 4 Defense
   Defense                  Defense                  Time % Phy DF OF 
 1 Jaccob Slavin            Luca Sbisa               60     1   2  2  
 2 Matt Bartkowski          Klas Dahlbeck            40     1   2  2  

Last Minutes Offensive
   Center                   Left Wing                Right Wing               Defense                  Defense                  
   Ryan Spooner             Matt Read                Mitchell Marner          Jaccob Slavin            Luca Sbisa               

Last Minutes Defensive
   Center                   Left Wing                Right Wing               Defense                  Defense                  
   Ryan Spooner             Matt Read                Mitchell Marner          Jaccob Slavin            Luca Sbisa               

Goaltenders
Starting : Anders Nilsson           
Backup : Anthony Stolarz          

Extra Forwards
Normal : Derek Roy, Marko Dano, Jakub Vrana - PP : Derek Roy, Marko Dano - PK : Jakub Vrana
Extra Defensemen
Normal : Slater Koekkoek, Tyler Wotherspoon, Matt Bartkowski - PP : Slater Koekkoek - PK : Tyler Wotherspoon, Matt Bartkowski
Penalty Shots
Mitchell Marner, Bobby Ryan, Tobias Rieder, Ryan Spooner, Chris Tierney

Scratches
CGY CAP HIT (Suspend), Ben Scrivens (Healthy)

% Time on Ice - NEW YORK I

Lines # - Real PCT - Wanted PCT - Time Play
Normal Forward
1 - 31% - 35% - 11:20
2 - 30% - 30% - 11:03
3 - 30% - 25% - 10:57
4 - 9% - 10% - 3:13
Normal Defense
1 - 31% - 30% - 11:15
2 - 30% - 30% - 10:56
3 - 36% - 30% - 13:20
4 - 3% - 10% - 1:02
PP Forward
1 - 51% - 50% - 7:20
2 - 49% - 50% - 6:58
PP Defense
1 - 48% - 50% - 6:51
2 - 52% - 50% - 7:27
PK Forward
1 - 74% - 60% - 6:48
2 - 26% - 40% - 2:21
PK Defense
1 - 65% - 60% - 5:55
2 - 35% - 40% - 3:14
PK3 Forward
1 - 0% - 60%
2 - 0% - 40%
PK3 Defense
1 - 0% - 60%
2 - 0% - 40%
44 Forward
1 - 59% - 60% - 2:57
2 - 41% - 40% - 2:03
44 Defense
1 - 54% - 60% - 2:42
2 - 46% - 40% - 2:18
Last Minute Offensive  - 0:00
Last Minute Defensive  - 0:00
Total
Forward - 65:00
Defense - 65:00

% Time on Ice - CALGARY

Lines # - Real PCT - Wanted PCT - Time Play
Normal Forward
1 - 29% - 35% - 10:32
2 - 28% - 30% - 10:20
3 - 30% - 25% - 11:02
4 - 13% - 10% - 4:39
Normal Defense
1 - 32% - 35% - 11:50
2 - 27% - 30% - 9:57
3 - 37% - 25% - 13:27
4 - 4% - 10% - 1:19
PP Forward
1 - 55% - 60% - 5:00
2 - 45% - 40% - 4:09
PP Defense
1 - 60% - 60% - 5:28
2 - 40% - 40% - 3:41
PK Forward
1 - 65% - 60% - 9:20
2 - 35% - 40% - 4:58
PK Defense
1 - 53% - 60% - 7:38
2 - 47% - 40% - 6:40
PK3 Forward
1 - 0% - 60%
2 - 0% - 40%
PK3 Defense
1 - 0% - 60%
2 - 0% - 40%
44 Forward
1 - 60% - 60% - 3:01
2 - 40% - 40% - 1:59
44 Defense
1 - 60% - 60% - 3:01
2 - 40% - 40% - 1:59
Last Minute Offensive  - 0:00
Last Minute Defensive  - 0:00
Total
Forward - 65:00
Defense - 65:00

Play by Play

1st period


0:01 of 1st period - Ryan Spooner wins face-off versus Logan Couture in neutral zone.
0:56 of 1st period - Shot by Andreas Athanasiou.
0:56 of 1st period - Shot Misses the Net.
1:03 of 1st period - Sean Monahan is hit by Luca Sbisa and loses puck.
1:10 of 1st period - Shot by Patrick Maroon.
1:10 of 1st period - Shot Misses the Net.
1:22 of 1st period - Shot by Sean Monahan.
1:22 of 1st period - Shot Misses the Net.
1:24 of 1st period - Shot by Andreas Athanasiou.
1:24 of 1st period - Stopped by Anders Nilsson without a rebound.
1:25 of 1st period - Chris Tierney wins face-off versus Austin Watson in CALGARY zone.
1:49 of 1st period - Shot by Bobby Ryan.
1:49 of 1st period - Stopped by Jacob Markstrom without a rebound.
1:50 of 1st period - Sam Bennett wins face-off versus Tobias Rieder in NEW YORK I zone.
1:59 of 1st period - Shot by Jakub Vrana.
1:59 of 1st period - Shot Blocked by Johnny Boychuk.
2:06 of 1st period - Marko Dano is hit by Johnny Boychuk and loses puck.
2:28 of 1st period - Marko Dano is hit by Esa Lindell and loses puck.
3:02 of 1st period - Shot by Bobby Ryan.
3:02 of 1st period - Shot Misses the Net.
3:50 of 1st period - Shot by Mitchell Marner.
3:50 of 1st period - Deflect By Ethan Werek.
3:50 of 1st period - Shot Misses the Net.
4:39 of 1st period - Shot by Jakub Vrana.
4:39 of 1st period - Stopped by Jacob Markstrom with a rebound.
4:42 of 1st period - Icing by Jake McCabe.
4:43 of 1st period - Ryan Spooner wins face-off versus Mark Letestu in NEW YORK I zone.
4:52 of 1st period - Shot by Matt Read.
4:52 of 1st period - Shot Misses the Net.
4:54 of 1st period - Shot by Ryan Spooner.
4:54 of 1st period - Shot Hit the Post.
4:56 of 1st period - Shot by Matt Read.
4:56 of 1st period - Shot Misses the Net.
5:06 of 1st period - Shot by Ryan Spooner.
5:06 of 1st period - Stopped by Jacob Markstrom without a rebound.
5:07 of 1st period - Chris Tierney wins face-off versus Logan Couture in NEW YORK I zone.
5:14 of 1st period - Shot by Bobby Ryan.
5:14 of 1st period - Shot Blocked by Dan Hamhuis.
5:16 of 1st period - Shot by Chris Tierney.
5:16 of 1st period - Shot Blocked by Dan Hamhuis.
5:49 of 1st period - Icing by Jaccob Slavin.
5:50 of 1st period - Chris Tierney wins face-off versus Sean Monahan in CALGARY zone.
6:06 of 1st period - Andreas Athanasiou is hit by Tyler Wotherspoon and loses puck.
6:17 of 1st period - Shot by Andreas Athanasiou.
6:17 of 1st period - Stopped by Anders Nilsson without a rebound.
6:18 of 1st period - Marko Dano wins face-off versus Sam Bennett in CALGARY zone.
6:18 of 1st period - Marko Dano is hit by Sam Bennett.
6:38 of 1st period - Shot by Sam Bennett.
6:38 of 1st period - Shot Misses the Net.
6:52 of 1st period - Shot by Ryan Callahan.
6:52 of 1st period - Stopped by Anders Nilsson without a rebound.
6:53 of 1st period - Sean Monahan wins face-off versus Ryan Spooner in CALGARY zone.
6:58 of 1st period - Shot by Sean Monahan.
6:58 of 1st period - Stopped by Anders Nilsson without a rebound.
6:59 of 1st period - Ryan Spooner wins face-off versus Sean Monahan in CALGARY zone.
7:01 of 1st period - Mitchell Marner is hit by Patrick Maroon and loses puck.
7:06 of 1st period - Johnny Boychuk is hit by Matt Read and loses puck.
7:20 of 1st period - Shot by Mitchell Marner.
7:20 of 1st period - Stopped by Jacob Markstrom without a rebound.
7:21 of 1st period - Chris Tierney wins face-off versus Logan Couture in NEW YORK I zone.
7:41 of 1st period - Shot by Matt Beleskey.
7:41 of 1st period - Shot Misses the Net.
7:47 of 1st period - Shot by Bobby Ryan.
7:47 of 1st period - Stopped by Jacob Markstrom without a rebound.
7:48 of 1st period - Sean Monahan wins face-off versus Ryan Spooner in NEW YORK I zone.
8:24 of 1st period - Minor Penalty to Mitchell Marner for Hooking.
8:25 of 1st period - Patrick Maroon wins face-off versus Jakub Vrana in CALGARY zone.
9:18 of 1st period - Icing by Johnny Boychuk.
9:19 of 1st period - Andreas Athanasiou wins face-off versus Jakub Vrana in NEW YORK I zone.
9:32 of 1st period - Shot by Johnny Boychuk.
9:32 of 1st period - Shot Misses the Net.
9:34 of 1st period - Shot by Andreas Athanasiou.
9:34 of 1st period - Stopped by Anders Nilsson without a rebound.
9:35 of 1st period - Sean Monahan wins face-off versus Jakub Vrana in CALGARY zone.
9:38 of 1st period - Shot by Brandon Saad.
9:38 of 1st period - Stopped by Anders Nilsson without a rebound.
9:39 of 1st period - Jakub Vrana wins face-off versus Sean Monahan in CALGARY zone.
9:50 of 1st period - Shot by Esa Lindell.
9:50 of 1st period - Stopped by Anders Nilsson without a rebound.
9:51 of 1st period - Logan Couture wins face-off versus Tobias Rieder in CALGARY zone.
10:04 of 1st period - Shot by Patrick Eaves.
10:04 of 1st period - Stopped by Anders Nilsson with a rebound.
10:08 of 1st period - Shot by Logan Couture.
10:08 of 1st period - Shot Misses the Net.
10:10 of 1st period - Shot by Dan Hamhuis.
10:10 of 1st period - Shot Blocked by Luca Sbisa.
10:12 of 1st period - Shot by Logan Couture.
10:12 of 1st period - Stopped by Anders Nilsson without a rebound.
10:13 of 1st period - Sean Monahan wins face-off versus Jakub Vrana in CALGARY zone.
10:36 of 1st period - Shot by Marcus Foligno.
10:36 of 1st period - Stopped by Anders Nilsson without a rebound.
10:37 of 1st period - Marko Dano wins face-off versus Logan Couture in CALGARY zone.
10:48 of 1st period - Shot by Tobias Rieder.
10:48 of 1st period - Shot Misses the Net.
10:57 of 1st period - Shot by Dan Hamhuis.
10:57 of 1st period - Shot Misses the Net.
11:01 of 1st period - Shot by Brandon Saad.
11:01 of 1st period - Deflect By Patrick Eaves.
11:01 of 1st period - Shot Misses the Net.
11:16 of 1st period - Shot by Logan Couture.
11:16 of 1st period - Stopped by Anders Nilsson without a rebound.
11:17 of 1st period - Ryan Spooner wins face-off versus Sean Monahan in CALGARY zone.
11:22 of 1st period - Double Minor Penalty to Patrick Maroon for Slashing.
11:23 of 1st period - Mark Letestu wins face-off versus Ryan Spooner in NEW YORK I zone.
12:52 of 1st period - Shot by Luca Sbisa.
12:52 of 1st period - Goal by Luca Sbisa - NEW YORK I : 0 - CALGARY : 1.
12:53 of 1st period - Sam Bennett wins face-off versus Ryan Spooner in neutral zone.
13:04 of 1st period - Shot by Mitchell Marner.
13:04 of 1st period - Shot Misses the Net.
13:06 of 1st period - Shot by Jaccob Slavin.
13:06 of 1st period - Stopped by Jacob Markstrom without a rebound.
13:07 of 1st period - Mark Letestu wins face-off versus Chris Tierney in NEW YORK I zone.
13:44 of 1st period - Ryan Callahan is hit by Bobby Ryan.
13:55 of 1st period - Mitchell Marner is hit by Dan Hamhuis and loses puck.
14:37 of 1st period - Off-side.
14:38 of 1st period - Chris Tierney wins face-off versus Mark Letestu in neutral zone.
15:00 of 1st period - Shot by Marko Dano.
15:00 of 1st period - Shot Misses the Net.
15:05 of 1st period - Brandon Saad is hit by Tyler Wotherspoon and loses puck.
15:31 of 1st period - Logan Couture is hit by Slater Koekkoek and loses puck.
16:14 of 1st period - Shot by Patrick Maroon.
16:14 of 1st period - Stopped by Anders Nilsson without a rebound.
16:15 of 1st period - Mark Letestu wins face-off versus Ryan Spooner in CALGARY zone.
16:49 of 1st period - Shot by Marcus Foligno.
16:49 of 1st period - Stopped by Anders Nilsson without a rebound.
16:50 of 1st period - Logan Couture wins face-off versus Matt Beleskey in CALGARY zone.
16:57 of 1st period - Shot by Brandon Saad.
16:57 of 1st period - Shot Blocked by Jaccob Slavin.
17:22 of 1st period - Minor Penalty to Matt Beleskey for Roughing.
17:23 of 1st period - Mitchell Marner wins face-off versus Sean Monahan in CALGARY zone.
17:23 of 1st period - Mitchell Marner is hit by Andreas Athanasiou.
18:22 of 1st period - Off-side.
18:23 of 1st period - Logan Couture wins face-off versus Tobias Rieder in neutral zone.
18:30 of 1st period - Matt Bartkowski is hit by Patrick Eaves and loses puck.
18:40 of 1st period - Shot by Patrick Maroon.
18:40 of 1st period - Shot Blocked by Matt Bartkowski.
18:42 of 1st period - Shot by Radko Gudas.
18:42 of 1st period - Shot Misses the Net.
18:44 of 1st period - Shot by Radko Gudas.
18:44 of 1st period - Shot Misses the Net.
19:06 of 1st period - Off-side.
19:07 of 1st period - Mitchell Marner wins face-off versus Sean Monahan in neutral zone.
Goals for this period are 0 for NEW YORK I vs 1 for CALGARY.
Shots for this period are 13 for NEW YORK I vs 7 for CALGARY.

2nd period


0:01 of 2nd period - Sean Monahan wins face-off versus Ryan Spooner in neutral zone.
0:18 of 2nd period - Jaccob Slavin is hit by Patrick Maroon.
0:19 of 2nd period - Icing by Jaccob Slavin.
0:20 of 2nd period - Logan Couture wins face-off versus Ryan Spooner in CALGARY zone.
0:35 of 2nd period - Shot by Brandon Saad.
0:35 of 2nd period - Stopped by Anders Nilsson with a rebound.
0:53 of 2nd period - Shot by Luca Sbisa.
0:53 of 2nd period - Stopped by Jacob Markstrom with a rebound.
1:12 of 2nd period - Off-side.
1:13 of 2nd period - Marko Dano wins face-off versus Sean Monahan in neutral zone.
1:38 of 2nd period - Shot by Sean Monahan.
1:38 of 2nd period - Stopped by Anders Nilsson without a rebound.
1:39 of 2nd period - Chris Tierney wins face-off versus Mark Letestu in CALGARY zone.
1:39 of 2nd period - Chris Tierney is hit by Marcus Foligno.
2:05 of 2nd period - Icing by Matt Bartkowski.
2:06 of 2nd period - Chris Tierney wins face-off versus Logan Couture in CALGARY zone.
2:10 of 2nd period - Icing by Matt Bartkowski.
2:11 of 2nd period - Logan Couture wins face-off versus Chris Tierney in CALGARY zone.
2:12 of 2nd period - Shot by Johnny Boychuk.
2:12 of 2nd period - Shot Blocked by Klas Dahlbeck.
2:18 of 2nd period - Shot by Chris Tierney.
2:18 of 2nd period - Shot Misses the Net.
2:35 of 2nd period - Shot by Chris Tierney.
2:35 of 2nd period - Shot Misses the Net.
2:45 of 2nd period - Shot by Logan Couture.
2:45 of 2nd period - Deflect By Brandon Saad.
2:45 of 2nd period - Stopped by Anders Nilsson without a rebound.
2:46 of 2nd period - Sean Monahan wins face-off versus Ryan Spooner in CALGARY zone.
2:47 of 2nd period - Shot by Andreas Athanasiou.
2:47 of 2nd period - Stopped by Anders Nilsson without a rebound.
2:48 of 2nd period - Ryan Spooner wins face-off versus Sean Monahan in CALGARY zone.
2:56 of 2nd period - Minor Penalty to Patrick Maroon for Hooking.
2:57 of 2nd period - Matt Read wins face-off versus Mark Letestu in NEW YORK I zone.
3:28 of 2nd period - Shot by Luca Sbisa.
3:28 of 2nd period - Shot Blocked by Jake McCabe.
3:30 of 2nd period - Shot by Mitchell Marner.
3:30 of 2nd period - Shot Misses the Net.
3:32 of 2nd period - Shot by Jaccob Slavin.
3:32 of 2nd period - Shot Misses the Net.
3:34 of 2nd period - Shot by Matt Read.
3:34 of 2nd period - Stopped by Jacob Markstrom without a rebound.
3:35 of 2nd period - Mark Letestu wins face-off versus Chris Tierney in NEW YORK I zone.
3:58 of 2nd period - Shot by Chris Tierney.
3:58 of 2nd period - Shot Blocked by Johnny Boychuk.
4:27 of 2nd period - Marcus Foligno is hit by Matt Read and loses puck.
4:38 of 2nd period - Shot by Ryan Spooner.
4:38 of 2nd period - Goal by Ryan Spooner - NEW YORK I : 0 - CALGARY : 2.
4:39 of 2nd period - Sean Monahan wins face-off versus Marko Dano in neutral zone.
4:44 of 2nd period - Shot by Sean Monahan.
4:44 of 2nd period - Shot Misses the Net.
5:24 of 2nd period - Off-side.
5:25 of 2nd period - Ryan Spooner wins face-off versus Brandon Saad in neutral zone.
5:40 of 2nd period - Shot by Ryan Spooner.
5:40 of 2nd period - Shot Misses the Net.
5:44 of 2nd period - Shot by Matt Read.
5:44 of 2nd period - Shot Misses the Net.
5:46 of 2nd period - Shot by Mitchell Marner.
5:46 of 2nd period - Shot Misses the Net.
6:21 of 2nd period - Icing by Dan Hamhuis.
6:22 of 2nd period - Bobby Ryan wins face-off versus Brandon Saad in NEW YORK I zone.
6:52 of 2nd period - Icing by Klas Dahlbeck.
6:53 of 2nd period - Sean Monahan wins face-off versus Chris Tierney in CALGARY zone.
6:56 of 2nd period - Shot by Sean Monahan.
6:56 of 2nd period - Goal by Sean Monahan - NEW YORK I : 1 - CALGARY : 2.
6:57 of 2nd period - Sean Monahan wins face-off versus Ethan Werek in neutral zone.
8:22 of 2nd period - Austin Watson is hit by Tyler Wotherspoon and loses puck.
9:06 of 2nd period - Shot by Bobby Ryan.
9:06 of 2nd period - Shot Misses the Net.
9:08 of 2nd period - Shot by Bobby Ryan.
9:08 of 2nd period - Stopped by Jacob Markstrom with a rebound.
9:10 of 2nd period - Shot by Klas Dahlbeck.
9:10 of 2nd period - Stopped by Jacob Markstrom without a rebound.
9:11 of 2nd period - Ryan Spooner wins face-off versus Sean Monahan in NEW YORK I zone.
9:32 of 2nd period - Jaccob Slavin is hit by Patrick Maroon and loses puck.
9:51 of 2nd period - Shot by Ryan Spooner.
9:51 of 2nd period - Stopped by Jacob Markstrom without a rebound.
9:52 of 2nd period - Chris Tierney wins face-off versus Logan Couture in NEW YORK I zone.
9:53 of 2nd period - Shot by Bobby Ryan.
9:53 of 2nd period - Stopped by Jacob Markstrom with a rebound.
10:23 of 2nd period - Shot by Bobby Ryan.
10:23 of 2nd period - Shot Misses the Net.
10:25 of 2nd period - Shot by Bobby Ryan.
10:25 of 2nd period - Stopped by Jacob Markstrom without a rebound.
10:26 of 2nd period - Mark Letestu wins face-off versus Ethan Werek in NEW YORK I zone.
10:49 of 2nd period - Shot by Ethan Werek.
10:49 of 2nd period - Shot Blocked by Dan Hamhuis.
11:41 of 2nd period - Icing by Luca Sbisa.
11:42 of 2nd period - Chris Tierney wins face-off versus Brandon Saad in CALGARY zone.
11:42 of 2nd period - Minor Penalty to Logan Couture for High sticking.
11:43 of 2nd period - Ryan Callahan wins face-off versus Chris Tierney in NEW YORK I zone.
12:21 of 2nd period - Shot by Jaccob Slavin.
12:21 of 2nd period - Stopped by Jacob Markstrom without a rebound.
12:22 of 2nd period - Ryan Spooner wins face-off versus Sam Bennett in NEW YORK I zone.
12:42 of 2nd period - Shot by Mitchell Marner.
12:42 of 2nd period - Stopped by Jacob Markstrom without a rebound.
12:43 of 2nd period - Mark Letestu wins face-off versus Chris Tierney in NEW YORK I zone.
13:34 of 2nd period - Shot by Matt Read.
13:34 of 2nd period - Stopped by Jacob Markstrom without a rebound.
13:35 of 2nd period - Sam Bennett wins face-off versus Ryan Spooner in NEW YORK I zone.
14:09 of 2nd period - Patrick Eaves is hit by Marko Dano and loses puck.
14:49 of 2nd period - Off-side.
14:50 of 2nd period - Sean Monahan wins face-off versus Bobby Ryan in neutral zone.
14:52 of 2nd period - Off-side.
14:53 of 2nd period - Ryan Spooner wins face-off versus Sean Monahan in neutral zone.
14:53 of 2nd period - Ryan Spooner is hit by Andreas Athanasiou.
15:06 of 2nd period - Mitchell Marner is hit by Johnny Boychuk and loses puck.
15:26 of 2nd period - Andreas Athanasiou is hit by Luca Sbisa and loses puck.
16:03 of 2nd period - Matt Bartkowski is hit by Austin Watson and loses puck.
16:10 of 2nd period - Shot by Bobby Ryan.
16:10 of 2nd period - Shot Misses the Net.
16:12 of 2nd period - Shot by Bobby Ryan.
16:12 of 2nd period - Stopped by Jacob Markstrom without a rebound.
16:13 of 2nd period - Marko Dano wins face-off versus Patrick Eaves in NEW YORK I zone.
16:18 of 2nd period - Shot by Tobias Rieder.
16:18 of 2nd period - Stopped by Jacob Markstrom without a rebound.
16:19 of 2nd period - Chris Tierney wins face-off versus Logan Couture in NEW YORK I zone.
16:41 of 2nd period - Shot by Matt Beleskey.
16:41 of 2nd period - Shot Misses the Net.
17:21 of 2nd period - Minor Penalty to Radko Gudas for Hooking.
17:22 of 2nd period - Ryan Spooner wins face-off versus Mark Letestu in NEW YORK I zone.
17:24 of 2nd period - Mitchell Marner is hit by Esa Lindell and loses puck.
17:39 of 2nd period - Shot by Jaccob Slavin.
17:39 of 2nd period - Stopped by Jacob Markstrom without a rebound.
17:40 of 2nd period - Mark Letestu wins face-off versus Ryan Spooner in NEW YORK I zone.
19:25 of 2nd period - Shot by Jakub Vrana.
19:25 of 2nd period - Shot Misses the Net.
19:27 of 2nd period - Shot by Slater Koekkoek.
19:27 of 2nd period - Shot Misses the Net.
19:38 of 2nd period - Shot by Tobias Rieder.
19:38 of 2nd period - Stopped by Jacob Markstrom with a rebound.
19:42 of 2nd period - Shot by Jakub Vrana.
19:42 of 2nd period - Goal by Jakub Vrana - NEW YORK I : 1 - CALGARY : 3.
19:43 of 2nd period - Sean Monahan wins face-off versus Ethan Werek in neutral zone.
Goals for this period are 1 for NEW YORK I vs 2 for CALGARY.
Shots for this period are 5 for NEW YORK I vs 16 for CALGARY.

3rd period


0:01 of 3rd period - Logan Couture wins face-off versus Ryan Spooner in neutral zone.
0:06 of 3rd period - Shot by Patrick Eaves.
0:06 of 3rd period - Stopped by Anders Nilsson without a rebound.
0:07 of 3rd period - Ryan Spooner wins face-off versus Logan Couture in CALGARY zone.
0:35 of 3rd period - Icing by Luca Sbisa.
0:36 of 3rd period - Ryan Spooner wins face-off versus Andreas Athanasiou in CALGARY zone.
0:50 of 3rd period - Shot by Patrick Maroon.
0:50 of 3rd period - Shot Misses the Net.
1:25 of 3rd period - Icing by Klas Dahlbeck.
1:26 of 3rd period - Patrick Eaves wins face-off versus Matt Beleskey in CALGARY zone.
1:27 of 3rd period - Shot by Logan Couture.
1:27 of 3rd period - Stopped by Anders Nilsson without a rebound.
1:28 of 3rd period - Logan Couture wins face-off versus Marko Dano in CALGARY zone.
1:28 of 3rd period - Brandon Saad is hit by Slater Koekkoek and loses puck.
1:40 of 3rd period - Logan Couture is hit by Tyler Wotherspoon and loses puck.
1:41 of 3rd period - Minor Penalty to Tyler Wotherspoon for High sticking.
1:42 of 3rd period - Logan Couture wins face-off versus Mitchell Marner in CALGARY zone.
1:49 of 3rd period - Shot by Logan Couture.
1:49 of 3rd period - Deflect By Patrick Eaves.
1:49 of 3rd period - Stopped by Anders Nilsson without a rebound.
1:50 of 3rd period - Mitchell Marner wins face-off versus Sean Monahan in CALGARY zone.
1:50 of 3rd period - Mitchell Marner is hit by Radko Gudas.
2:19 of 3rd period - Shot by Radko Gudas.
2:19 of 3rd period - Stopped by Anders Nilsson without a rebound.
2:20 of 3rd period - Mitchell Marner wins face-off versus Logan Couture in CALGARY zone.
2:44 of 3rd period - Shot by Esa Lindell.
2:44 of 3rd period - Stopped by Anders Nilsson without a rebound.
2:45 of 3rd period - Mitchell Marner wins face-off versus Sean Monahan in CALGARY zone.
3:54 of 3rd period - Esa Lindell is hit by Marko Dano and loses puck.
4:06 of 3rd period - Shot by Jakub Vrana.
4:06 of 3rd period - Shot Misses the Net.
4:12 of 3rd period - Tobias Rieder is hit by Marcus Foligno and loses puck.
4:22 of 3rd period - Minor Penalty to Slater Koekkoek for Cross-checking.
4:23 of 3rd period - Logan Couture wins face-off versus Mitchell Marner in CALGARY zone.
4:56 of 3rd period - Shot by Esa Lindell.
4:56 of 3rd period - Shot Blocked by Jaccob Slavin.
6:05 of 3rd period - Shot by Patrick Eaves.
6:05 of 3rd period - Shot Misses the Net.
6:15 of 3rd period - Shot by Logan Couture.
6:15 of 3rd period - Stopped by Anders Nilsson without a rebound.
6:16 of 3rd period - Mitchell Marner wins face-off versus Sean Monahan in CALGARY zone.
6:25 of 3rd period - Chris Tierney is hit by Austin Watson and loses puck.
7:15 of 3rd period - Dan Hamhuis is hit by Matt Beleskey and loses puck.
7:23 of 3rd period - Off-side.
7:24 of 3rd period - Ethan Werek wins face-off versus Sean Monahan in neutral zone.
7:27 of 3rd period - Shot by Mitchell Marner.
7:27 of 3rd period - Shot Blocked by Johnny Boychuk.
8:01 of 3rd period - Shot by Mitchell Marner.
8:01 of 3rd period - Shot Hit the Post.
8:10 of 3rd period - Minor Penalty to Marko Dano for Goalie Interference.
8:11 of 3rd period - Logan Couture wins face-off versus Mitchell Marner in CALGARY zone.
8:20 of 3rd period - Shot by Radko Gudas.
8:20 of 3rd period - Stopped by Anders Nilsson with a rebound.
9:29 of 3rd period - Off-side.
9:30 of 3rd period - Logan Couture wins face-off versus Jakub Vrana in neutral zone.
9:51 of 3rd period - Shot by Radko Gudas.
9:51 of 3rd period - Shot Misses the Net.
9:53 of 3rd period - Shot by Dan Hamhuis.
9:53 of 3rd period - Stopped by Anders Nilsson without a rebound.
9:54 of 3rd period - Sean Monahan wins face-off versus Mitchell Marner in CALGARY zone.
10:12 of 3rd period - Shot by Sean Monahan.
10:12 of 3rd period - Stopped by Anders Nilsson without a rebound.
10:13 of 3rd period - Mark Letestu wins face-off versus Marko Dano in CALGARY zone.
10:44 of 3rd period - Icing by Tyler Wotherspoon.
10:45 of 3rd period - Marko Dano wins face-off versus Logan Couture in CALGARY zone.
10:53 of 3rd period - Icing by Dan Hamhuis.
10:54 of 3rd period - Patrick Eaves wins face-off versus Ryan Spooner in NEW YORK I zone.
10:54 of 3rd period - Patrick Eaves is hit by Matt Read.
10:55 of 3rd period - Minor Penalty to Ryan Spooner for Tripping.
10:56 of 3rd period - Logan Couture wins face-off versus Mitchell Marner in CALGARY zone.
14:21 of 3rd period - Shot by Chris Tierney.
14:21 of 3rd period - Stopped by Jacob Markstrom without a rebound.
14:22 of 3rd period - Sean Monahan wins face-off versus Ethan Werek in NEW YORK I zone.
14:26 of 3rd period - Off-side.
14:27 of 3rd period - Sean Monahan wins face-off versus Ethan Werek in neutral zone.
15:06 of 3rd period - Sean Monahan is hit by Luca Sbisa and loses puck.
15:08 of 3rd period - Minor Penalty to Jaccob Slavin for Interference.
15:09 of 3rd period - Jakub Vrana wins face-off versus Patrick Maroon in CALGARY zone.
15:09 of 3rd period - Jakub Vrana is hit by Patrick Maroon.
15:33 of 3rd period - Shot by Dan Hamhuis.
15:33 of 3rd period - Goal by Dan Hamhuis - NEW YORK I : 2 - CALGARY : 3.
15:34 of 3rd period - Mark Letestu wins face-off versus Marko Dano in neutral zone.
15:44 of 3rd period - Marcus Foligno is hit by Tyler Wotherspoon and loses puck.
15:56 of 3rd period - Minor Penalty to Tyler Wotherspoon for Hooking.
15:57 of 3rd period - Mitchell Marner wins face-off versus Sean Monahan in CALGARY zone.
16:21 of 3rd period - Icing by Sean Monahan.
16:22 of 3rd period - Sean Monahan wins face-off versus Mitchell Marner in NEW YORK I zone.
16:37 of 3rd period - Shot by Sean Monahan.
16:37 of 3rd period - Shot Misses the Net.
17:05 of 3rd period - Icing by Dan Hamhuis.
17:06 of 3rd period - Tobias Rieder wins face-off versus Patrick Eaves in NEW YORK I zone.
17:08 of 3rd period - Ryan Spooner is hit by Radko Gudas and loses puck.
17:17 of 3rd period - Shot by Radko Gudas.
17:17 of 3rd period - Stopped by Anders Nilsson without a rebound.
17:18 of 3rd period - Patrick Eaves wins face-off versus Tobias Rieder in CALGARY zone.
17:23 of 3rd period - Shot by Patrick Maroon.
17:23 of 3rd period - Stopped by Anders Nilsson without a rebound.
17:24 of 3rd period - Mitchell Marner wins face-off versus Logan Couture in CALGARY zone.
17:24 of 3rd period - Jaccob Slavin is hit by Patrick Maroon and loses puck.
18:15 of 3rd period - Marcus Foligno is hit by Jakub Vrana and loses puck.
18:22 of 3rd period - Shot by Tobias Rieder.
18:22 of 3rd period - Shot Misses the Net.
18:37 of 3rd period - Marko Dano is hit by Johnny Boychuk and loses puck.
18:58 of 3rd period - Shot by Jake McCabe.
18:58 of 3rd period - Goal by Jake McCabe - NEW YORK I : 3 - CALGARY : 3.
18:59 of 3rd period - Logan Couture wins face-off versus Chris Tierney in neutral zone.
19:13 of 3rd period - Shot by Brandon Saad.
19:13 of 3rd period - Shot Misses the Net.
19:29 of 3rd period - Shot by Patrick Eaves.
19:29 of 3rd period - Shot Misses the Net.
19:31 of 3rd period - Shot by Radko Gudas.
19:31 of 3rd period - Deflect By Patrick Eaves.
19:31 of 3rd period - Stopped by Anders Nilsson without a rebound.
19:32 of 3rd period - Matt Read wins face-off versus Sean Monahan in CALGARY zone.
19:49 of 3rd period - Shot by Mitchell Marner.
19:49 of 3rd period - Deflect By Matt Read.
19:49 of 3rd period - Stopped by Jacob Markstrom without a rebound.
19:50 of 3rd period - Marko Dano wins face-off versus Sam Bennett in NEW YORK I zone.
19:53 of 3rd period - Shot by Tobias Rieder.
19:53 of 3rd period - Stopped by Jacob Markstrom with a rebound.
19:56 of 3rd period - Icing by Johnny Boychuk.
19:57 of 3rd period - Ryan Callahan wins face-off versus Matt Beleskey in NEW YORK I zone.
Goals for this period are 2 for NEW YORK I vs 0 for CALGARY.
Shots for this period are 14 for NEW YORK I vs 3 for CALGARY.

Overtime #1


0:01 of 1st overtime period - Mitchell Marner wins face-off versus Logan Couture in neutral zone.
0:06 of 1st overtime period - Johnny Boychuk is hit by Bobby Ryan and loses puck.
0:59 of 1st overtime period - Sean Monahan is hit by Bobby Ryan.
1:07 of 1st overtime period - Shot by Sean Monahan.
1:07 of 1st overtime period - Shot Blocked by Bobby Ryan.
1:45 of 1st overtime period - Icing by Matt Bartkowski.
1:46 of 1st overtime period - Tobias Rieder wins face-off versus Logan Couture in CALGARY zone.
1:46 of 1st overtime period - Tobias Rieder is hit by Logan Couture.
2:11 of 1st overtime period - Shot by Logan Couture.
2:11 of 1st overtime period - Stopped by Anders Nilsson without a rebound.
2:12 of 1st overtime period - Logan Couture wins face-off versus Mitchell Marner in CALGARY zone.
2:13 of 1st overtime period - Shot by Brandon Saad.
2:13 of 1st overtime period - Shot Blocked by Jaccob Slavin.
2:31 of 1st overtime period - Logan Couture is hit by Bobby Ryan.
2:40 of 1st overtime period - Icing by Luca Sbisa.
2:41 of 1st overtime period - Patrick Eaves wins face-off versus Mitchell Marner in CALGARY zone.
2:49 of 1st overtime period - Icing by Jaccob Slavin.
2:50 of 1st overtime period - Sean Monahan wins face-off versus Mitchell Marner in CALGARY zone.
3:45 of 1st overtime period - Shot by Matt Bartkowski.
3:45 of 1st overtime period - Shot Misses the Net.
3:56 of 1st overtime period - Icing by Matt Bartkowski.
3:57 of 1st overtime period - Logan Couture wins face-off versus Tobias Rieder in CALGARY zone.
4:00 of 1st overtime period - Shot by Logan Couture.
4:00 of 1st overtime period - Shot Misses the Net.
4:02 of 1st overtime period - Shot by Brandon Saad.
4:02 of 1st overtime period - Shot Misses the Net.
4:16 of 1st overtime period - Shot by Brandon Saad.
4:16 of 1st overtime period - Shot Misses the Net.
4:18 of 1st overtime period - Shot by Dan Hamhuis.
4:18 of 1st overtime period - Stopped by Anders Nilsson without a rebound.
4:19 of 1st overtime period - Sean Monahan wins face-off versus Bobby Ryan in CALGARY zone.
4:28 of 1st overtime period - Shot by Sean Monahan.
4:28 of 1st overtime period - Stopped by Anders Nilsson without a rebound.
4:29 of 1st overtime period - Logan Couture wins face-off versus Mitchell Marner in CALGARY zone.
4:46 of 1st overtime period - Shot by Brandon Saad.
4:46 of 1st overtime period - Stopped by Anders Nilsson without a rebound.
4:47 of 1st overtime period - Mitchell Marner wins face-off versus Sean Monahan in CALGARY zone.
Goals for this period are 0 for NEW YORK I vs 0 for CALGARY.
Shots for this period are 4 for NEW YORK I vs 0 for CALGARY.

ShootOut


5:00 of 1st overtime period - Penalty Shot by Sean Monahan for NEW YORK I.
5:00 of 1st overtime period - Stopped by Anders Nilsson.
5:00 of 1st overtime period - Penalty Shot by Mitchell Marner for CALGARY.
5:00 of 1st overtime period - Stopped by Jacob Markstrom.
5:00 of 1st overtime period - Penalty Shot by Logan Couture for NEW YORK I.
5:00 of 1st overtime period - Stopped by Anders Nilsson.
5:00 of 1st overtime period - Penalty Shot by Bobby Ryan for CALGARY.
5:00 of 1st overtime period - Stopped by Jacob Markstrom.
5:00 of 1st overtime period - Penalty Shot by Patrick Eaves for NEW YORK I.
5:00 of 1st overtime period - Stopped by Anders Nilsson.
5:00 of 1st overtime period - Penalty Shot by Tobias Rieder for CALGARY.
5:00 of 1st overtime period - Stopped by Jacob Markstrom.
5:00 of 1st overtime period - Penalty Shot by Brandon Saad for NEW YORK I.
5:00 of 1st overtime period - Stopped by Anders Nilsson.
5:00 of 1st overtime period - Penalty Shot by Ryan Spooner for CALGARY.
5:00 of 1st overtime period - Goal by Ryan Spooner.